 Dungeon Crawl Stone Soup version 0.24.0-125-gc4c63601f3 (webtiles) character file.

Game seed: 7942107881797365717, levelgen mode: deterministic

1482 Ereth the Spear-Bearer (level 8, -1/61 HPs)
             Began as a Merfolk Gladiator on Feb 27, 2020.
             Killed from afar by an electric eel (10 damage)
             ... with a bolt of electricity
             ... on level 6 of the Dungeon.
             The game lasted 00:21:04 (7543 turns).

Ereth the Spear-Bearer (Merfolk Gladiator)          Turns: 7543, Time: 00:21:04

Health: -1/61      AC: 11    Str: 15    XL:     8   Next: 79%
Magic:  8/8        EV:  7    Int:  7    God:
Gold:   533        SH:  9    Dex: 17    Spells: 7/7 levels left

rFire    + . .     SeeInvis .   a - +0 trident
rCold    + . .     Gourm    .   e - +0 shield
rNeg     . . .     Faith    .   E - +0 chain mail
rPois    .         Spirit   .   c - +1 helmet
rElec    .         Reflect  .   v - scarf {rC+ rF+}
rCorr    .         Harm     .   (no gloves)
MR       .....                  (no boots)
Stlth    ..........             (no amulet)
HPRegen  0.20/turn              (no ring)
MPRegen  0.11/turn              (no ring)

@: no status effects
A: change form in water, swift swim, stealthy swim
a: no special abilities


You were on level 6 of the Dungeon.
You were not hungry.

You visited 1 branch of the dungeon, and saw 6 of its levels.

You collected 533 gold pieces.

Inventory:

Hand Weapons
 a - a +0 trident (weapon)
 q - a +0 trident
 w - a +0 halberd
Missiles
 d - 5 boomerangs
 C - a javelin (quivered)
Armour
 c - a +1 helmet (worn)
 e - a +0 shield (worn)
 v - a scarf of resistance (worn)
 E - a +0 chain mail (worn)
Jewellery
 h - an uncursed amulet of inaccuracy
Wands
 x - a wand of iceblast (4)
Scrolls
 b - a scroll of identify
 y - 2 scrolls of remove curse
 z - a scroll of teleportation
Potions
 g - a potion of heal wounds
 j - 2 potions of might
 l - 2 potions of ambrosia
 m - a potion of agility
 n - a potion of lignification
 o - a potion of haste {unknown}
 s - 4 potions of curing {unknown}
 u - a potion of cancellation {unknown}
 A - a potion of mutation {unknown}
 B - a potion of brilliance {unknown}
Comestibles
 f - 11 rations
 i - 2 chunks of flesh


   Skills:
 + Level 4.6 Fighting
 + Level 9.2 Polearms
 + Level 4.4 Throwing
 + Level 3.2 Armour
 + Level 5.8 Dodging
 + Level 1.1 Stealth
 + Level 3.8 Shields


You had 7 spell levels left.
You didn't know any spells.
Your spell library was empty.

Dungeon Overview and Level Annotations

Branches:
Dungeon (6/15)
 Temple: D:4-7

Altars:
Cheibriados
Xom


Message History

Found a stone staircase leading down.
You closely miss the electric eel. You closely miss the electric eel.
The electric eel shoots out a bolt of lightning at you!
The bolt of electricity hits you. The bolt of electricity hits you!
The bolt of electricity hits the electric eel.
The electric eel completely resists.
The bolt of electricity hits the plant!
You miss the electric eel. You puncture the electric eel!
The electric eel is heavily wounded.
The electric eel shoots out a bolt of lightning at you!
The bolt of electricity hits you! x2
* * * LOW HITPOINT WARNING * * *
The bolt of electricity hits the electric eel.
The electric eel completely resists.
The bolt of electricity hits the plant.
The electric eel shoots out a bolt of lightning at you!
The bolt of electricity hits you!
* * * LOW HITPOINT WARNING * * *
The bolt of electricity hits you!
You die...

#..(######
#.#........####..
...<...#.........#
##.###.#..#.####..
#.# #.#..#.## #.#
#.#..#..# #.#
#.#..##.####.
###.###............
#.@....##..##.#####
#.####.##...#.#
#♣;♣ #.##.#.#.# ≈P≈
##.##...#.#
..≈♣.##.÷.##..#.#
..≈≈≈...#.....#.#
....≈♣.#...##.##.#
.#..##..##.###.##.#
.##>.
#......##.##.#


You could see an electric eel.

Vanquished Creatures
  Prince Ribbit (D:5)
  A phantom (D:5)
  2 sky beasts (D:5)
  An ogre (D:5)
  2 centaurs
  A howler monkey (D:6)
  A crimson imp (D:5)
  A quasit (D:5)
  2 orc priests (D:4)
  A hound (D:6)
  A jelly (D:5)
  An orc wizard (D:4)
  4 iguanas
  3 worker ants
  A hound skeleton (D:4)
  Robin (D:4)
  7 gnolls
  10 adders
  2 shadow imps (D:5)
  5 worms
  2 dart slugs
  4 leopard geckos
  8 orcs
  10 bats
  2 giant cockroaches
  13 goblins
  10 hobgoblins
  16 jackals
  5 kobolds
  2 quokkas
  2 ball pythons
  8 frilled lizards
  A jackal zombie (D:5)
  A quokka skeleton (D:5)
  13 rats
145 creatures vanquished.

Vanquished Creatures (others)
  An orc wizard (D:6)
  An orc (D:6)
2 creatures vanquished.

Grand Total: 147 creatures vanquished

Notes
Turn   | Place    | Note
-------+----------+-------------------------------------------
     0 | D:1      | Ereth the Merfolk Gladiator began the quest for the Orb.
     0 | D:1      | Reached XP level 1. HP: 16/16 MP: 1/1
   124 | D:1      | Reached XP level 2. HP: 20/23 MP: 2/2
   480 | D:1      | Reached skill level 5 in Polearms
   530 | D:1      | Reached XP level 3. HP: 28/28 MP: 3/3
  1215 | D:2      | Reached skill level 1 in Shields
  1280 | D:2      | Reached XP level 4. HP: 29/34 MP: 4/4
  1281 | D:2      | Reached skill level 1 in Armour
  1683 | D:2      | Reached XP level 5. HP: 41/41 MP: 5/5
  2196 | D:3      | Reached skill level 6 in Polearms
  3051 | D:4      | Reached XP level 6. HP: 47/47 MP: 6/6
  3345 | D:4      | Noticed Robin
  3364 | D:4      | Killed Robin
  3527 | D:4      | Reached skill level 7 in Polearms
  4044 | D:4      | Reached skill level 5 in Dodging
  4336 | D:4      | Found a snail-covered altar of Cheibriados.
  4396 | D:4      | Reached XP level 7. HP: 53/53 MP: 7/7
  4421 | D:5      | Entered Level 5 of the Dungeon
  5143 | D:5      | Noticed Prince Ribbit
  5595 | D:5      | Found a shimmering altar of Xom.
  6253 | D:5      | Killed Prince Ribbit
  6253 | D:5      | Reached skill level 8 in Polearms
  6253 | D:5      | Reached XP level 8. HP: 31/60 MP: 8/8
  6492 | D:5      | Reached skill level 1 in Stealth
  7435 | D:6      | Reached skill level 9 in Polearms
  7543 | D:6      | Killed from afar by an electric eel

Levels and vault maps discovered:
D:1:      dpeg_arrival_houses_and_road, layout_basic, st_stairs_1
D:2:      layout_rooms
D:3:      layout_basic, minmay_misc_feat_four_crosses
D:4:      layout_basic, marbit_many_paths, uniq_robin
D:5:      minmay_polygon_palace, layout_basic, first_ration, basic_altar,
          uniq_prince_ribbit1
D:6:      layout_loops_ring, okawaru_trees_1, lemuel_temple_firewalk_b,
          basic_altar, serial_bayou, serial_bayou_pond_e, serial_bayou_pond_e,
          serial_bayou_pond_e, serial_bayou_crossing, uniq_crazy_yiuf_cottage

Skill      XL: |  1  2  3  4  5  6  7  8 |
---------------+-------------------------+-----
Polearms       | 5 6 7 8 9 |  9.2
Shields        | 1 2 3 |  3.8
Armour         | 1 2 3 |  3.2
Fighting       | 3 4 |  4.6
Throwing       | 3 4 |  4.4
Dodging        | 5 |  5.8
Stealth        | 1 |  1.1

Action                   |  1- 3 |  4- 6 |  7- 9 || total
-------------------------+-------+-------+-------++-------
Melee: Trident           |   141 |   248 |   280 ||   669
       Tailslap          |       |       |     1 ||     1
Throw: Boomerang         |     9 |    34 |    33 ||    76
       Javelin           |       |     8 |    12 ||    20
       Throwing net      |       |     4 |       ||     4
  Use: Potion            |       |     3 |       ||     3
       Scroll            |       |    10 |     2 ||    12
  Eat: Chunk             |     1 |    10 |     1 ||    12
       Ration            |       |     1 |     2 ||     3
Armor: Leather armour    |     9 |       |       ||     9
       Ring mail         |    45 |    57 |       ||   102
       Chain mail        |       |     9 |   148 ||   157
       Scale mail        |       |     4 |       ||     4
Dodge: Dodged            |    64 |    80 |    65 ||   209
Block: Shield            |    84 |    88 |   127 ||   299
